Map: Crimson Court LE

Players

프로브 - Winner!

  • Race: Terran Terran
  • League: Master
  • Spawn Location: 1:00

스프링부트

  • Race: Zerg Zerg
  • League: Master
  • Spawn Location: 7:00

VOD

Have the link to the VOD?

Description

Time

  • Played on: March 29, 2024, 5:30 a.m.
  • Length: 27:32
Show
View Real Time Build Order
Export as new Build Order

프로브 Terran - Winner!

Build Orders: Reaper Expand 

Get SALT Encoding   

  12  0:00  SCV  
  13  0:12  SCV  
  14  0:17  Supply Depot  
  14  0:24  SCV  
  15  0:38  SCV  
  15  0:40  Barracks  
  16  0:42  Refinery  
  16  0:50  SCV  
  17  1:02  SCV  
  18  1:14  SCV  
  19  1:27  Orbital Command, Reaper  
  20  1:38  Command Center  
  20  1:47  Supply Depot  
  20  1:52  SCV  
  21  1:58  Marine  
  22  2:05  SCV  
  23  2:12  Factory  
  23  2:17  SCV  
  23  2:19  Barracks Reactor  
  24  2:29  SCV  
  25  2:37  Command Center  
  25  2:41  SCV  
  26  2:53  SCV  
  28  2:59  Starport  
  28  3:03  Orbital Command, Refinery  
  28  3:05  SCV  
  28  3:09  Hellion  
  28  3:12  Hellion  
  32  3:17  Barracks Tech Lab, SCV  
  33  3:29  SCV  
  33  3:30  SCV  
  33  3:31  Hellion  
  33  3:34  Hellion  
  39  3:39  Stimpack  
  39  3:41  SCV  
  39  3:42  SCV  
  41  3:49  Orbital Command  
  41  3:53  SCV  
  41  3:54  SCV  
  43  4:00  Viking  
  43  4:02  Marine  
  45  4:03  Supply Depot  
  45  4:06  SCV x2  
  48  4:18  SCV  
  48  4:19  SCV x2  
  48  4:21  Barracks  
  48  4:23  Barracks, Factory Reactor  
  51  4:28  Engineering Bay  
  51  4:30  SCV  
  51  4:31  SCV x2  
  54  4:35  Engineering Bay  
  54  4:36  Supply Depot  
  54  4:42  SCV  
  54  4:43  SCV x2  
  54  4:44  Starport Reactor  
  57  4:46  Marine  
  58  4:54  SCV, Engineering Bay  
  58  4:57  Terran Infantry Weapons Level 1  
  59  5:00  Supply Depot  
  59  5:01  Refinery  
  59  5:02  SCV  
  59  5:03  Marine, Refinery  
  61  5:09  Orbital Command, Armory, Supply Depot  
  61  5:11  Terran Infantry Armor Level 1  
  61  5:12  Marine  
  61  5:14  Barracks Reactor  
  62  5:21  Factory Reactor  
  62  5:24  Medivac  
  62  5:25  SCV  
  65  5:30  Supply Depot  
  65  5:32  Supply Depot  
  65  5:33  SCV  
  65  5:35  SCV  
  67  5:37  SCV, Marine  
  67  5:39  Combat Shield, Marine  
  67  5:40  Marine x3  
  73  5:45  SCV  
  73  5:47  SCV  
  73  5:49  SCV  
  76  5:54  Marine  
  76  5:56  Medivac  
  79  5:58  Barracks, Widow Mine, SCV  
  79  5:59  SCV  
  79  6:01  Marine x2  
  79  6:02  Marine  
  87  6:04  Barracks  
  87  6:10  Widow Mine  
  87  6:11  SCV x2  
  87  6:12  Marine  
  90  6:19  Marine x3  
  90  6:21  Terran Vehicle And Ship Armor Level 1, Widow Mine  
  90  6:22  Supply Depot x2, Marine  
  90  6:23  SCV  
  90  6:24  SCV  
  97  6:27  SCV  
  97  6:31  Supply Depot  
  97  6:32  Widow Mine, Medivac  
  102  6:33  Supply Depot  
  102  6:34  Medivac  
  102  6:35  SCV  
  102  6:37  Marine x4  
  109  6:44  Supply Depot, Widow Mine  
  109  6:45  Supply Depot  
  111  6:48  Factory  
  111  6:50  Marine  
  111  6:53  Barracks Reactor  
  107  6:55  Marine  
  107  6:59  Marine  
  107  7:04  Marine x2  
  107  7:05  Barracks Reactor  
  107  7:07  Widow Mine  
  107  7:08  Marauder  
  107  7:12  Medivac  
  107  7:13  Marine  
  107  7:17  Marine  
  107  7:18  SCV x3  
  107  7:20  Refinery  
  107  7:21  Refinery  
  107  7:22  Command Center, Marine x2  
  113  7:27  Bunker  
  113  7:29  Terran Infantry Weapons Level 2  
  113  7:30  SCV x2  
  113  7:31  SCV  
  113  7:35  Marine x2  
  118  7:38  Terran Infantry Armor Level 2  
  118  7:40  Factory Tech Lab  
  118  7:42  SCV  
  119  7:45  Marine  
  119  7:46  Widow Mine  
  119  7:47  Marine x2  
  119  7:49  Marine  
  125  7:58  Marine x3  
  125  7:59  Marine  
  125  8:04  Barracks x2, Supply Depot x2  
  123  8:05  Barracks  
  123  8:09  Marine  
  123  8:12  Widow Mine x3, Drilling Claws  
  110  8:13  Marine  
  110  8:17  SCV x3  
  110  8:19  Marine  
  112  8:20  Marine, Marauder  
  112  8:21  Marine x3  
  112  8:22  Medivac x2  
  112  8:26  Marine  
  124  8:29  Sensor Tower, SCV, Marine  
  124  8:31  Marine  
  124  8:33  Widow Mine  
  129  8:37  Marine  
  129  8:38  Marine  
  129  8:39  Marine x3  
  129  8:41  Marine  
  134  8:44  Marine  
  134  8:46  Marine  
  137  8:49  Marine  
  137  8:51  SCV x2  
  137  8:52  Medivac  
  142  8:56  Planetary Fortress  
  142  8:57  Sensor Tower, Barracks Tech Lab x3  
  142  8:59  Marauder  
  142  9:00  SCV  
  145  9:03  SCV  
  145  9:05  SCV  
  145  9:06  Marine  
  148  9:10  Marine x2  
  148  9:11  Marine  
  148  9:12  SCV  
  148  9:15  SCV  
  148  9:17  SCV  
  139  9:18  Marauder x2, Marine x4  
  139  9:21  Medivac, Marauder  
  139  9:22  Medivac  
  139  9:23  Marine  
  148  9:24  Unknown, SCV  
  148  9:25  Marine  
  148  9:27  SCV  
  148  9:28  Marine  
  152  9:31  Marine  
  152  9:32  Marine  
  152  9:35  Marine  
  152  9:36  Widow Mine x3  
  152  9:38  Marine  
  162  9:39  Marine  
  162  9:40  Marine, Marauder x2  
  162  9:42  Marauder x2  
  162  9:43  Marine  
  173  9:46  Marine  
  173  9:50  Marine  
  175  9:53  Marine  
  175  9:55  Marine  
  159  10:00  Marine  
  159  10:01  Marauder x2  
  159  10:03  Marauder x2  
  159  10:04  Marine  
  159  10:05  Marine  
  162  10:07  Marine x2  
  162  10:09  Marine, Widow Mine x2  
  162  10:11  Widow Mine, Marine  
  172  10:17  Terran Infantry Armor Level 3, Terran Infantry Weapons Level 3  
  172  10:19  Marine  
  172  10:20  Ghost Academy  
  173  10:22  Marauder, Supply Depot  
  173  10:23  Marine, Marauder  
  173  10:24  Marine, Supply Depot  
  173  10:25  Marauder  
  181  10:30  Marine, Widow Mine x2  
  181  10:33  Widow Mine  
  181  10:34  Marine  
  181  10:35  Marauder, Marine  
  184  10:37  Marine  
  184  10:39  Marine  
  172  10:44  Marine, Marauder x2  
  172  10:46  Marauder  
  172  10:47  Marine x2  
  172  10:48  Marine  
  174  10:52  Marine, Widow Mine x2  
  174  10:54  Widow Mine  
  174  10:57  Marauder, Marine  
  183  11:02  Marine  
  178  11:05  Marauder x2  
  178  11:06  Ghost  
  184  11:13  Widow Mine x2  
  184  11:16  Widow Mine  
  184  11:17  Ghost  
  192  11:26  Medivac  
  194  11:33  Ghost x2  
  194  11:34  Widow Mine  
  200  11:40  Command Center x2  
  200  11:51  Ghost  
  197  12:05  Medivac x2  
  199  12:13  Ghost x2  
  199  12:14  Ghost  
  198  12:24  Marauder  
  196  12:35  Medivac x2  
  196  12:36  Marine  
  196  12:37  Marine x2  
  197  12:38  Marine  
  197  12:42  Ghost x2  
  197  12:43  Personal Cloaking, Ghost, Terran Vehicle And Ship Armor Level 2  
  194  12:45  Ghost, Marine x2  
  194  12:47  Marine  
  194  12:50  Marine  
  195  12:53  Marine  
  195  12:55  Marine x2  
  195  12:56  Marine  
  185  13:06  Starport  
  185  13:07  Marine, Starport  
  185  13:10  Ghost  
  185  13:11  Ghost, Marauder  
  191  13:14  Marauder  
  191  13:18  Medivac  
  191  13:19  Orbital Command  
  193  13:20  Orbital Command  
  193  13:24  Command Center  
  193  13:25  Command Center  
  193  13:33  Marauder  
  195  13:35  Widow Mine x2  
  195  13:38  Hi-Sec Auto Tracking, Neosteel Armor  
  195  13:41  Marauder  
  187  13:49  Ghost  
  187  13:51  Widow Mine  
  187  13:52  Orbital Command  
  191  13:56  Widow Mine  
  191  13:58  Widow Mine  
  191  14:00  Sensor Tower  
  191  14:01  Marauder  
  187  14:10  Ghost x2  
  187  14:12  Widow Mine  
  192  14:17  Cyclone  
  192  14:18  Ghost  
  192  14:19  Cyclone  
  185  14:27  Ghost  
  182  14:36  Refinery  
  182  14:37  Refinery  
  182  14:39  Command Center, Ghost x2, Marine x2, Widow Mine  
  182  14:40  Command Center, Marine  
  182  14:41  Marine  
  182  14:42  Marine  
  191  14:46  Ghost  
  191  14:50  Widow Mine  
  185  14:56  Marauder, Marine  
  185  14:59  Marine  
  187  15:08  Marauder x2  
  187  15:09  Medivac x2  
  187  15:10  Marine  
  196  15:16  Marauder  
  196  15:18  Marauder  
  196  15:20  Orbital Command  
  189  15:29  Marauder  
  189  15:30  Orbital Command  
  189  15:34  Widow Mine x2  
  184  15:37  Starport Reactor x2  
  184  15:39  Liberator  
  184  15:41  Terran Vehicle And Ship Armor Level 3  
  184  15:42  Fusion Core  
  187  15:43  Armory  
  187  15:50  Sensor Tower  
  187  15:57  SCV x4  
  185  16:06  Ghost  
  185  16:08  Widow Mine x2  
  185  16:09  Marauder x3  
  185  16:10  Medivac  
  199  16:13  SCV  
  199  16:15  SCV  
  200  16:28  Orbital Command  
  200  16:35  Marine  
  199  16:42  Terran Ship Weapons Level 1, Advanced Ballistics  
  185  16:54  Refinery  
  185  17:01  SCV  
  185  17:02  SCV x6  
  185  17:04  Refinery  
  192  17:14  Ghost x2, SCV x7  
  199  17:26  SCV  
  197  17:37  Command Center  
  197  17:40  Command Center  
  197  17:43  Liberator  
  200  17:54  Caduceus Reactor  
  177  18:10  Medivac x2  
  177  18:12  Widow Mine  
  165  18:13  Marauder, Widow Mine x2  
  165  18:14  Marauder x3  
  177  18:22  Command Center  
  177  18:23  Command Center x2  
  177  18:26  Marine  
  175  18:33  Widow Mine  
  177  18:34  Medivac x2  
  177  18:35  Marauder x4  
  177  18:36  Terran Ship Weapons Level 2  
  177  18:38  Terran Vehicle Weapons Level 1  
  189  18:46  Widow Mine x2  
  187  18:48  Marine  
  187  18:51  Marine x2  
  178  18:55  Orbital Command  
  178  18:56  Marauder x3  
  178  18:57  Orbital Command, Marauder  
  185  19:10  Widow Mine x2  
  185  19:11  Widow Mine  
  186  19:18  Marauder x2  
  186  19:23  Liberator x4  
  190  19:24  Marauder, Marine x2  
  190  19:25  Marauder  
  190  19:31  Liberator x2  
  193  19:50  Command Center  
  193  19:52  Command Center  
  193  20:06  Orbital Command, Medivac  
  195  20:13  Widow Mine x2  
  194  20:30  Liberator  
  194  20:31  Liberator  
  200  20:59  Orbital Command  
  200  21:04  Orbital Command x2  
  192  21:13  Liberator x2  
  192  21:15  Marauder  
  192  21:16  Command Center  
  183  21:22  Command Center  
  176  21:26  Ghost  
  176  21:30  Ghost  
  161  21:47  Ghost  
  161  21:48  Ghost  
  161  21:50  Widow Mine x3  
  171  21:55  Marauder  
  171  21:58  Refinery  
  171  21:59  Refinery  
  173  22:01  Refinery  
  173  22:05  SCV x3  
  173  22:07  SCV  
  178  22:10  SCV  
  178  22:17  Liberator  
  178  22:22  Marauder x2  
  185  22:31  Marauder, Marine  
  186  22:52  Liberator x3  
  186  22:55  Marauder x2  
  199  23:02  Orbital Command  
  199  23:18  Orbital Command  
  199  23:25  Concussive Shells  
  199  23:27  Terran Ship Weapons Level 3  
  195  24:31  Liberator  
  198  24:38  Command Center  
  198  24:42  Command Center x2  
  198  24:50  Missile Turret x2  
  198  24:51  Missile Turret, Refinery  
  198  24:55  Missile Turret  
  192  25:27  Liberator x2  
  198  25:38  Command Center  
  174  26:15  Liberator x2  
  165  26:21  Liberator x4  
  171  26:30  Orbital Command x3  
  171  26:35  Ghost  
  171  26:36  Ghost  
  171  26:38  Marine x10  
  179  26:56  Marine  
  179  26:57  Widow Mine x2  
  179  26:58  Widow Mine  
Show
View Real Time Build Order
Export as new Build Order

스프링부트 Zerg 

Build Orders: Hatch First, Lurkers 

Get SALT Encoding   

  12  0:00  Drone  
  13  0:12  Overlord  
  13  0:16  Drone  
  14  0:32  Drone x2  
  16  0:48  Hatchery  
  15  0:51  Drone  
  15  0:55  Drone  
  17  0:58  Drone  
  18  1:09  Extractor  
  17  1:14  Spawning Pool  
  17  1:16  Drone  
  17  1:19  Drone  
  18  1:27  Drone  
  19  1:38  Drone  
  20  1:50  Overlord  
  20  2:00  Queen x2  
  25  2:01  Zergling x4  
  26  2:12  Drone x2  
  26  2:13  Metabolic Boost  
  28  2:21  Drone x2  
  30  2:36  Queen x2  
  34  2:40  Overlord  
  34  2:44  Drone x2  
  36  2:57  Overlord  
  36  3:04  Hatchery  
  36  3:05  Drone x2  
  37  3:12  Drone x4  
  41  3:16  Drone  
  41  3:17  Drone  
  43  3:22  Spore Crawler  
  43  3:25  Drone x2  
  44  3:27  Drone  
  44  3:32  Drone  
  44  3:33  Overlord  
  47  3:41  Drone  
  47  3:44  Queen  
  47  3:47  Drone x2  
  52  3:51  Overlord  
  52  3:56  Drone x3  
  52  3:58  Drone x2  
  52  4:01  Queen  
  59  4:11  Drone  
  60  4:17  Drone, Spore Crawler  
  60  4:19  Drone x2  
  60  4:20  Drone  
  60  4:21  Extractor  
  60  4:22  Drone, Queen  
  65  4:28  Zergling x4  
  67  4:42  Overlord x2  
  67  4:47  Evolution Chamber x2  
  67  4:50  Drone  
  66  4:53  Hatchery  
  66  4:54  Drone x2, Hatchery  
  66  5:00  Drone  
  66  5:01  Drone x2  
  66  5:03  Drone x8  
  78  5:17  Drone x3  
  78  5:18  Zerg Melee Weapons Level 1, Zerg Ground Armor Level 1  
  81  5:21  Extractor x2  
  81  5:22  Spore Crawler, Hatchery  
  81  5:23  Drone x3  
  81  5:26  Queen  
  81  5:28  Extractor  
  81  5:31  Drone  
  81  5:32  Extractor, Drone  
  81  5:34  Lair  
  82  5:39  Overlord  
  82  5:42  Overlord  
  82  5:46  Baneling Nest  
  82  5:49  Drone  
  82  5:50  Overlord  
  82  5:57  Overlord x2  
  82  5:58  Drone  
  82  5:59  Drone x2  
  82  6:02  Drone  
  86  6:06  Drone x5  
  91  6:11  Drone x2  
  91  6:16  Zergling x10  
  98  6:23  Overlord  
  98  6:27  Zergling x2  
  98  6:28  Zergling x4  
  98  6:30  Overlord  
  101  6:32  Centrifugal Hooks  
  101  6:35  Hydralisk Den  
  101  6:39  Zergling x14  
  107  6:40  Baneling x9  
  107  6:41  Overseer, Baneling x2  
  107  6:43  Drone x2  
  107  6:44  Overseer, Hatchery  
  108  6:52  Zergling x12  
  108  6:53  Zergling x4  
  116  6:57  Zergling x2  
  113  7:05  Overseer, Grooved Spines  
  109  7:10  Zergling x24  
  109  7:14  Unknown, Baneling x4  
  109  7:15  Baneling x3  
  120  7:18  Zerg Melee Weapons Level 2  
  120  7:21  Zerg Ground Armor Level 2  
  120  7:29  Drone x2  
  123  7:30  Drone x4  
  123  7:31  Drone x5  
  130  7:44  Baneling x9  
  130  7:46  Spore Crawler  
  130  7:49  Overseer  
  128  7:53  Zergling x18  
  128  7:54  Zergling x14  
  128  7:55  Muscular Augments  
  136  8:03  Hydralisk x5  
  136  8:04  Hydralisk  
  142  8:12  Hydralisk x3  
  141  8:21  Zergling x14  
  141  8:22  Infestation Pit  
  141  8:23  Baneling x7  
  141  8:24  Baneling x2  
  141  8:25  Baneling  
  147  8:28  Baneling x7  
  147  8:32  Zergling x2  
  148  8:35  Overlord x2  
  148  8:36  Overlord  
  148  8:40  Baneling x10  
  148  8:54  Zergling x2  
  148  8:55  Zergling x32  
  160  9:12  Hatchery  
  160  9:14  Overlord  
  146  9:18  Drone x14  
  146  9:20  Zergling x10  
  146  9:23  Queen  
  164  9:34  Hive  
  164  9:36  Zerg Missile Weapons Level 1  
  164  9:37  Lurker Den  
  163  9:40  Baneling x15  
  163  9:42  Overseer x2  
  162  9:46  Extractor  
  162  9:47  Zergling x2  
  162  9:48  Zergling x14, Extractor  
  154  10:01  Zergling x32  
  169  10:12  Zergling x12  
  169  10:13  Zergling x10  
  180  10:17  Baneling  
  180  10:18  Baneling x22  
  180  10:28  Zergling x12  
  161  10:40  Zergling x22  
  161  10:44  Zergling x18  
  167  10:50  Seismic Spines  
  167  10:52  Zerg Ground Armor Level 3  
  167  10:56  Overlord x3  
  167  10:57  Overlord x2  
  167  11:03  Pneumatized Carapace, Overlord x3  
  162  11:05  Baneling x6  
  162  11:06  Baneling x4  
  162  11:08  Baneling  
  162  11:09  Baneling  
  162  11:11  Overlord  
  162  11:12  Overlord x3  
  162  11:17  Overseer x3  
  162  11:25  Lurker x7  
  163  11:27  Hatchery  
  168  11:33  Zergling x18  
  177  11:42  Zergling x20  
  187  11:47  Adaptive Talons  
  187  11:52  Overlord  
  184  12:04  Baneling x10  
  173  12:10  Hydralisk x2  
  173  12:11  Hydralisk x3  
  173  12:14  Overlord  
  177  12:27  Hydralisk  
  177  12:28  Hydralisk x3, Overlord  
  185  12:36  Zerg Missile Weapons Level 2  
  178  12:39  Hydralisk x2, Overlord  
  178  12:40  Unknown, Hydralisk x7  
  188  12:54  Zergling x22  
  194  13:03  Zergling x2  
  194  13:04  Zergling x18  
  181  13:16  Overlord  
  181  13:19  Viper x2  
  183  13:22  Queen  
  183  13:23  Adrenal Glands  
  183  13:24  Queen x2  
  192  13:27  Drone x2  
  192  13:29  Hatchery  
  192  13:33  Baneling  
  192  13:34  Baneling x13  
  187  13:41  Hydralisk x3  
  187  13:42  Lurker  
  187  13:43  Lurker x5  
  182  13:49  Infestor  
  182  13:51  Burrow  
  182  13:54  Overlord  
  182  13:55  Overlord x2  
  184  14:05  Overlord  
  184  14:06  Overseer, Overlord  
  184  14:12  Zergling x22  
  184  14:13  Zergling x8  
  184  14:14  Overseer x3  
  198  14:23  Zergling x8  
  199  14:30  Zergling x24  
  187  14:37  Lurker x9  
  196  14:38  Baneling  
  196  14:39  Baneling x2  
  190  14:52  Zerg Melee Weapons Level 3  
  175  14:54  Zergling x28  
  175  14:55  Zergling x2  
  175  14:57  Overseer  
  182  15:01  Drone x2  
  182  15:06  Overseer x3  
  184  15:09  Infestor x2, Baneling x4, Overlord  
  184  15:13  Nydus Network  
  187  15:25  Zergling x24  
  194  15:39  Overlord  
  194  15:41  Zerg Missile Weapons Level 3  
  193  15:55  Zergling x2  
  193  15:56  Zergling x18  
  182  16:08  Hydralisk x9  
  197  16:16  Hatchery  
  197  16:17  Infestor x2, Baneling  
  197  16:18  Baneling x4  
  199  16:19  Baneling x6  
  189  16:37  Spire  
  189  16:39  Hydralisk x5  
  194  16:41  Baneling x11  
  194  16:43  Queen  
  194  16:47  Queen x2  
  196  16:49  Drone x3  
  196  16:50  Infestor  
  198  16:59  Zergling x2  
  198  17:00  Zergling x2  
  199  17:12  Infestor x3  
  197  17:20  Drone, Spore Crawler  
  197  17:21  Infestor  
  197  17:22  Spore Crawler, Queen  
  194  17:26  Spore Crawler  
  183  17:38  Zergling x34  
  192  18:00  Zergling x2  
  192  18:01  Zergling x16  
  188  18:08  Zergling x2  
  188  18:09  Zergling x14  
  182  18:19  Drone  
  188  18:20  Drone x5  
  187  18:29  Overlord  
  187  18:30  Zergling x6  
  187  18:33  Zergling x2  
  189  18:39  Zergling x22  
  198  18:46  Zergling x4  
  197  18:58  Overlord  
  195  19:04  Infestor x2  
  195  19:09  Baneling x6  
  199  19:10  Baneling  
  199  19:12  Hatchery  
  195  19:20  Overseer x3  
  195  19:23  Zergling x12  
  199  19:34  Zergling x4  
  200  19:39  Spore Crawler  
  200  19:41  Spore Crawler  
  194  19:59  Hydralisk x3  
  198  20:06  Spore Crawler  
  194  20:22  Hatchery  
  194  20:24  Zergling x18, Hatchery  
  199  20:31  Extractor  
  199  20:32  Extractor  
  197  20:42  Infestor x2  
  197  20:45  Zerg Flyer Weapons Level 1  
  192  20:56  Corruptor x4  
  160  21:20  Spore Crawler  
  160  21:21  Spore Crawler  
  160  21:22  Spore Crawler  
  134  21:26  Zergling x56  
  157  21:37  Zergling x4  
  157  21:38  Zergling x8  
  162  21:44  Overseer  
  153  21:49  Queen  
  153  21:54  Zergling x22  
  153  21:55  Zergling x6  
  153  21:57  Baneling x19  
  167  22:01  Drone x3  
  170  22:11  Viper x3  
  179  22:16  Drone  
  179  22:17  Drone x2  
  180  22:39  Zergling x38  
  191  22:58  Infestor x4  
  193  23:01  Unknown  
  193  23:02  Drone x2  
  200  23:10  Greater Spire  
  190  23:36  Infestor, Hatchery  
  189  24:03  Extractor  
  189  24:04  Extractor  
  189  24:05  Corruptor x6  
  189  24:20  Baneling x5  
  177  24:27  Zergling x54  
  177  24:28  Zergling x6  
  194  24:45  Brood Lord  
  194  24:46  Brood Lord  
  198  24:57  Baneling x4  
  198  25:05  Baneling x13  
  198  25:13  Corruptor x3  
  198  25:14  Corruptor  
  185  25:23  Corruptor x7  
  185  25:28  Infestor  
  198  25:33  Corruptor  
  189  25:51  Baneling x11  
  187  26:01  Hatchery  
  138  26:19  Corruptor x10  
  148  26:57  Brood Lord x2  
  151  27:01  Brood Lord  
Tags
 
Add a new tag
Caveats
  • Supply blocks, unpowered buildings, or Contaminate may cause inaccurate times.
  • Supply counts are checked every 10 seconds.